 Dungeon Crawl Stone Soup version 0.28-a0-1389-gc726bef33b (webtiles) character file.

Game seed: 10851205061894725512

4018 sanka the Martial Artist (level 10, -4/76 HPs)
             Began as a Gnoll Transmuter on Jan 3, 2022.
             Was a Believer of Okawaru.
             Killed by drain life
             ... invoked by a soul eater
             ... summoned by an orc high priest
              (13 damage)
             ... in a bailey.
             The game lasted 00:17:06 (9677 turns).

sanka the Martial Artist (Gnoll Transmuter)         Turns: 9677, Time: 00:17:06

Health: -4/76      AC:  6    Str: 11    XL:     10   Next: 23%
Magic:  19/20      EV: 14    Int: 22    God:    Okawaru [**....]
Gold:   280        SH:  0    Dex: 12    Spells: 14/23 levels left

rFire   . . .      SeeInvis .     - Unarmed
rCold   . . .      Faith    .   (no shield)
rNeg    . . .      Spirit   .   a - +0 robe
rPois   .          Reflect  .   i - +0 helmet
rElec   .          Harm     .   (no cloak)
rCorr   .          Rampage  .   x - +2 pair of gloves
Will    .....                   (no boots)
Stlth   +++.......              q - amulet of regeneration
HPRegen 1.02/turn               o - ring of wizardry
MPRegen 0.17/turn               E - +6 ring of intelligence

@: no status effects
A: fangs 1, strong nose, distributed training
a: Renounce Religion, Heroism


You were in a bailey.
You worshipped Okawaru.
Okawaru was pleased with you.
You visited 2 branches of the dungeon, and saw 8 of its levels.
You also visited: Bailey.

You collected 280 gold pieces.


Innate Abilities, Weirdness & Mutations

You have very sharp teeth.
Your uncanny sense of smell can sniff out nearby items.
Your experience applies equally to all skills.


   Skills:
 + Level 5.7 Fighting
 + Level 5.1 Short Blades
 + Level 5.1 Long Blades
 + Level 5.1 Axes
 + Level 5.1 Maces & Flails
 + Level 5.1 Polearms
 + Level 5.1 Staves
 + Level 5.1 Slings
 + Level 5.1 Bows
 + Level 5.1 Crossbows
 + Level 5.1 Throwing
 + Level 5.1 Armour
 + Level 6.9 Dodging
 + Level 5.1 Stealth
 + Level 5.1 Shields
 + Level 8.4 Unarmed Combat
 + Level 7.2 Spellcasting
 + Level 4.2 Conjurations
 + Level 4.2 Hexes
 + Level 4.2 Summonings
 + Level 4.2 Necromancy
 + Level 4.2 Translocations
 + Level 5.7 Transmutations
 + Level 4.2 Fire Magic
 + Level 4.2 Ice Magic
 + Level 4.2 Air Magic
 + Level 4.2 Earth Magic
 + Level 4.2 Poison Magic
 + Level 5.6 Invocations
 + Level 5.1 Evocations


You had 14 spell levels left.
You knew the following spells:

 Your Spells              Type           Power      Damage    Failure   Level
x - Spider Form           Tmut/Pois      29%        N/A       1%          3
y - Wereblood             Tmut           33%        N/A       1%          2
z - Ice Form              Ice/Tmut       29%        N/A       4%          4

Your spell library contained the following spells:

 Spells                   Type           Power      Damage    Failure   Level
 Beastly Appendage        Tmut           66%        N/A       1%          1
 Confusing Touch          Hex            26%        N/A       1%          3
 Yara's Violent Unravell  Hex/Tmut       14%        3d7       12%         5
 Enfeeble                 Hex            13%        N/A       99%         7

Inventory:

Hand Weapons
 w - the +3 glaive of Suhim {vorpal, Int+6}

   It inflicts extra damage upon your enemies.
   Int:       It affects your intelligence (+6).
Armour
 a - a +0 robe (worn)
 i - a +0 helmet (worn)
 x - a +2 pair of gloves (worn)
 F - the +5 chain mail "Xuludiny" {rElec} rElec: It insulates you from electricity.
Jewellery
 e - an amulet of faith
 o - a ring of wizardry (left hand)
 p - a ring of flight
 q - an amulet of regeneration (around neck)
 E - a +6 ring of intelligence (right hand)
Wands
 s - a wand of paralysis (4)
 u - a wand of acid (4)
 v - a wand of polymorph (13)
Scrolls
 d - 2 scrolls of immolation {!r}
 f - 6 scrolls of teleportation {@r4}
 g - 2 scrolls of blinking
 h - a scroll of acquirement
 k - 3 scrolls of fear
 l - 2 scrolls of enchant weapon
 t - a scroll of enchant armour
 y - 3 scrolls of vulnerability {!r}
Potions
 b - 2 potions of lignification {unknown}
 c - a potion of ambrosia {unknown}
 j - a potion of heal wounds {unknown}
 m - a potion of might {unknown}
 n - a potion of degeneration {unknown}
 r - 2 potions of attraction {!q}
 z - a potion of berserk rage {unknown}
 A - 2 potions of cancellation {unknown}
 B - 2 potions of resistance
 C - a potion of mutation {unknown}
 D - a potion of haste {unknown}

Dungeon Overview and Level Annotations

Branches:
Dungeon (7/15)             Temple (1/1) D:6          Bailey (1/1)

Altars:
Ashenzari
Cheibriados
Dithmenos
Fedhas
Gozag
Hepliaklqana
Kikubaaqudgha
Makhleb
Nemelex Xobeh
Okawaru
Qazlal
Ru
Sif Muna
Trog
Uskayaw
Vehumet
Wu Jian
Xom
Yredelemnul
Zin
The Shining One

Shops:
D:4 *   D:5 [

Annotations:
D:5 3 runed translucent doors, Subbak's ghost, novice FoAK

≈≈≈≈≈▒▒▒▒▒▒...▒▒▒▒▒▒▒▒ ▒▒.▒≈≈≈
≈≈≈≈≈≈.▒......▒....'.: .▒.≈≈≈≈
.≈≈≈≈≈.▒......▒....▒.∆ ▒.≈≈≈≈
.≈≈≈≈≈.▒''▒▒▒▒▒....▒ ▒.≈≈≈≈
.≈≈≈≈))▒.....▒▒....▒▒▒▒▒▒▒▒▒.≈≈≈≈
.......).....▒▒....▒..8.8..▒.≈≈≈≈
.......').⌠..▒▒.._.'.....)..∩≈≈≈≈
.......'.....▒▒.43.▒..8.8..▒.≈≈≈≈
.≈≈≈≈≈.▒.....▒▒.g3.▒▒▒▒▒▒▒▒▒.≈≈≈≈
.≈≈≈≈≈.▒''▒▒▒▒▒o.g.▒..'.▒..▒.≈≈≈≈
.≈≈≈≈≈.▒......▒....▒))▒.▒.[▒)≈≈≈≈
≈≈≈≈≈≈.▒......▒....'))▒.'[[▒.≈≈≈≈
≈≈≈≈≈▒▒▒▒▒▒...▒▒▒▒▒▒▒▒▒▒▒▒▒▒)▒≈≈≈
≈≈≈≈≈▒....▒.8.8.8)'.....▒..).▒≈≈≈
▒....▒....)))▒.....'..).▒≈≈≈
▒'▒).▒▒▒▒▒▒▒▒▒▒▒▒▒▒▒..▒'▒≈≈≈
▒.▒..'.............'..▒.▒ ≈≈


You could see a soul eater (summoned), an orc high priest (extremely poisoned),
a hellwing (summoned), a ynoxinul (summoned) and a hobgoblin (resistant).


Message History

The orc high priest looks as sick as possible!
The orc high priest is heavily wounded.
The soul eater hits you but does no damage.
The orc high priest hits you with a +2 long sword of freezing!
The orc high priest freezes you. The ynoxinul completely misses you.
The hellwing hits you!
* * * LOW HITPOINT WARNING * * *
The hellwing hits you!
* * * LOW HITPOINT WARNING * * *
You hit the orc high priest.
The orc high priest is heavily wounded.
The hobgoblin completely misses you.
The soul eater draws from the surrounding life force!
* * * LOW HITPOINT WARNING * * *
The orc high priest hits you with a +2 long sword of freezing!
* * * LOW HITPOINT WARNING * * *
The orc high priest freezes you.
* * * LOW HITPOINT WARNING * * *
The ynoxinul completely misses you. The hellwing misses you.
The hellwing hits you.
* * * LOW HITPOINT WARNING * * *
You hit the orc high priest.
The orc high priest looks as sick as possible!
The orc high priest is heavily wounded.
Your transformation has ended.
The hobgoblin closely misses you.
The soul eater draws from the surrounding life force!
You die...

Action                   |  1- 3 |  4- 6 |  7- 9 | 10-12 || total
-------------------------+-------+-------+-------+-------++-------
Melee: Unarmed           |    69 |   196 |   279 |    17 ||   561
       Kick              |     6 |    10 |       |       ||    16
       Bite              |     4 |     5 |     4 |       ||    13
       Headbutt          |     3 |     5 |       |       ||     8
       Punch             |     2 |     1 |     1 |       ||     4
 Cast: Beastly Appendage |    13 |    16 |       |       ||    29
       Spider Form       |     2 |     8 |    34 |     1 ||    45
       Wereblood         |     1 |     2 |     9 |       ||    12
Invok: Heroism           |       |       |     3 |     1 ||     4
Evoke: Wand              |       |       |     4 |       ||     4
  Use: Scroll            |       |       |    13 |       ||    13
 Stab: Sleeping          |       |     3 |     3 |       ||     6
Armor: Robe              |     3 |    17 |    13 |       ||    33
       Skin              |     3 |     2 |    12 |     1 ||    18
Dodge: Dodged            |    90 |   161 |   212 |    20 ||   483

Levels and vault maps discovered:
D:1:      ncdulo_watergridlock, layout_loops_ring, minmay_tripent
D:2:      layout_loops_cross, dreamdust_ecumenical_altar_angels_and_demons,
          basic_altar, uniq_robin
D:3:      layout_basic, minmay_misc_feat_x, kennysheep_generic_room_13
D:4:      minmay_thinvault, layout_layer_cave, nicolae_stop_n_shop_1,
          chequers_serial_rivers_room_b, sigmund_edmund_badplayer
D:5:      layout_rooms, serial_shops, shop, gammafunk_ghost_necromancy
D:6:      layout_loops_corners, minmay_temple_entry_glassed_door,
          chequers_ossuary_entry_cave
D:7:      layout_loops_ring, enter_bailey_3
Temple:   mainiacjoe_temple_starburst
Bailey:   bailey_axe_of_yendor_kennysheep, bailey

Notes
Turn   | Place    | Note
-------+----------+-------------------------------------------
     0 | D:1      | sanka the Gnoll Transmuter began the quest for the Orb.
     0 | D:1      | Reached XP level 1. HP: 17/17 MP: 6/6
    37 | D:1      | Reached XP level 2. HP: 17/23 MP: 7/7
   616 | D:1      | Reached XP level 3. HP: 28/28 MP: 7/9
   724 | D:1      | Learned a level 2 spell: Wereblood
   728 | D:1      | Learned a level 3 spell: Spider Form
   736 | D:1      | Reached skill level 5 in Spellcasting
   916 | D:1      | Reached skill level 1 in Invocations
  1113 | D:2      | Noticed Robin
  1210 | D:2      | Reached skill level 1 in Short Blades
  1210 | D:2      | Reached skill level 1 in Long Blades
  1210 | D:2      | Reached skill level 1 in Axes
  1210 | D:2      | Reached skill level 1 in Maces & Flails
  1210 | D:2      | Reached skill level 1 in Polearms
  1210 | D:2      | Reached skill level 1 in Staves
  1210 | D:2      | Reached skill level 1 in Slings
  1210 | D:2      | Reached skill level 1 in Bows
  1210 | D:2      | Reached skill level 1 in Crossbows
  1210 | D:2      | Reached skill level 1 in Throwing
  1210 | D:2      | Reached skill level 1 in Armour
  1210 | D:2      | Reached skill level 1 in Stealth
  1210 | D:2      | Reached skill level 1 in Shields
  1210 | D:2      | Reached skill level 1 in Evocations
  1220 | D:2      | Reached XP level 4. HP: 15/34 MP: 3/11
  1221 | D:2      | HP: 3/34 [goblin[Robin] (6)]
  1221 | D:2      | HP: 1/34 [goblin[Robin] (2)]
  1222 | D:2      | Killed Robin
  1538 | D:2      | Found a faded altar of an unknown god.
  1575 | D:2      | Found an ornate altar of the Wu Jian Council.
  1604 | D:2      | Reached skill level 1 in Conjurations
  1604 | D:2      | Reached skill level 1 in Hexes
  1604 | D:2      | Reached skill level 1 in Summonings
  1604 | D:2      | Reached skill level 1 in Necromancy
  1604 | D:2      | Reached skill level 1 in Translocations
  1604 | D:2      | Reached skill level 1 in Fire Magic
  1604 | D:2      | Reached skill level 1 in Ice Magic
  1604 | D:2      | Reached skill level 1 in Air Magic
  1604 | D:2      | Reached skill level 1 in Earth Magic
  1604 | D:2      | Reached skill level 1 in Poison Magic
  2236 | D:2      | Reached XP level 5. HP: 27/40 MP: 10/12
  2897 | D:3      | Reached skill level 3 in Fighting
  3018 | D:3      | Reached skill level 4 in Transmutations
  3723 | D:4      | Reached skill level 2 in Invocations
  3723 | D:4      | Reached XP level 6. HP: 47/47 MP: 10/14
  3842 | D:4      | Reached skill level 2 in Short Blades
  3842 | D:4      | Reached skill level 2 in Long Blades
  3842 | D:4      | Reached skill level 2 in Axes
  3842 | D:4      | Reached skill level 2 in Maces & Flails
  3842 | D:4      | Reached skill level 2 in Polearms
  3842 | D:4      | Reached skill level 2 in Staves
  3842 | D:4      | Reached skill level 2 in Slings
  3842 | D:4      | Reached skill level 2 in Bows
  3842 | D:4      | Reached skill level 2 in Crossbows
  3842 | D:4      | Reached skill level 2 in Throwing
  3842 | D:4      | Reached skill level 2 in Armour
  3842 | D:4      | Reached skill level 5 in Dodging
  3842 | D:4      | Reached skill level 2 in Stealth
  3842 | D:4      | Reached skill level 2 in Shields
  3842 | D:4      | Reached skill level 2 in Evocations
  4284 | D:4      | Found Uvute's General Store.
  4695 | D:4      | Noticed Sigmund
  4710 | D:4      | Killed Sigmund
  4711 | D:4      | Reached skill level 7 in Unarmed Combat
  4711 | D:4      | Reached skill level 2 in Conjurations
  4711 | D:4      | Reached skill level 2 in Hexes
  4711 | D:4      | Reached skill level 2 in Summonings
  4711 | D:4      | Reached skill level 2 in Necromancy
  4711 | D:4      | Reached skill level 2 in Translocations
  4711 | D:4      | Reached skill level 2 in Fire Magic
  4711 | D:4      | Reached skill level 2 in Ice Magic
  4711 | D:4      | Reached skill level 2 in Air Magic
  4711 | D:4      | Reached skill level 2 in Earth Magic
  4711 | D:4      | Reached skill level 2 in Poison Magic
  4711 | D:4      | Reached XP level 7. HP: 49/52 MP: 12/15
  4742 | D:4      | Noticed Edmund
  4756 | D:4      | Killed Edmund
  5283 | D:5      | Entered Level 5 of the Dungeon
  5290 | D:5      | Reached skill level 3 in Invocations
  5479 | D:5      | Found Lidatos's Armour Shop.
  5525 | D:5      | Reached XP level 8. HP: 38/60 MP: 10/16
  5533 | D:5      | Reached skill level 4 in Fighting
  5533 | D:5      | Reached skill level 3 in Short Blades
  5533 | D:5      | Reached skill level 3 in Long Blades
  5533 | D:5      | Reached skill level 3 in Axes
  5533 | D:5      | Reached skill level 3 in Maces & Flails
  5533 | D:5      | Reached skill level 3 in Polearms
  5533 | D:5      | Reached skill level 3 in Staves
  5533 | D:5      | Reached skill level 3 in Slings
  5533 | D:5      | Reached skill level 3 in Bows
  5533 | D:5      | Reached skill level 3 in Crossbows
  5533 | D:5      | Reached skill level 3 in Throwing
  5533 | D:5      | Reached skill level 3 in Armour
  5533 | D:5      | Reached skill level 3 in Stealth
  5533 | D:5      | Reached skill level 3 in Shields
  5533 | D:5      | Reached skill level 3 in Evocations
  5768 | D:5      | Found a runed translucent gate.
  5770 | D:5      | Found a runed translucent gate.
  5770 | D:5      | Found a runed translucent gate.
  5934 | D:5      | Noticed Subbak's ghost (novice FoAK)
  6034 | D:5      | Reached skill level 6 in Spellcasting
  7092 | D:6      | Reached skill level 3 in Conjurations
  7092 | D:6      | Reached skill level 3 in Hexes
  7092 | D:6      | Reached skill level 3 in Summonings
  7092 | D:6      | Reached skill level 3 in Necromancy
  7092 | D:6      | Reached skill level 3 in Translocations
  7092 | D:6      | Reached skill level 3 in Fire Magic
  7092 | D:6      | Reached skill level 3 in Ice Magic
  7092 | D:6      | Reached skill level 3 in Air Magic
  7092 | D:6      | Reached skill level 3 in Earth Magic
  7092 | D:6      | Reached skill level 3 in Poison Magic
  7092 | D:6      | Reached skill level 4 in Invocations
  7097 | D:6      | Reached skill level 6 in Dodging
  7108 | D:6      | Reached XP level 9. HP: 32/66 MP: 14/18
  7235 | D:6      | Reached skill level 5 in Transmutations
  7345 | D:6      | Found a staircase to the Ecumenical Temple.
  7434 | D:6      | Reached skill level 4 in Short Blades
  7434 | D:6      | Reached skill level 4 in Long Blades
  7434 | D:6      | Reached skill level 4 in Axes
  7434 | D:6      | Reached skill level 4 in Maces & Flails
  7434 | D:6      | Reached skill level 4 in Polearms
  7434 | D:6      | Reached skill level 4 in Staves
  7434 | D:6      | Reached skill level 4 in Slings
  7434 | D:6      | Reached skill level 4 in Bows
  7434 | D:6      | Reached skill level 4 in Crossbows
  7434 | D:6      | Reached skill level 4 in Throwing
  7434 | D:6      | Reached skill level 4 in Armour
  7434 | D:6      | Reached skill level 4 in Stealth
  7434 | D:6      | Reached skill level 4 in Shields
  7434 | D:6      | Reached skill level 4 in Evocations
  7959 | D:6      | Learned a level 4 spell: Ice Form
  8238 | Temple   | Entered the Ecumenical Temple
  8736 | Temple   | Became a worshipper of Warmaster Okawaru
  8875 | D:7      | Reached skill level 5 in Fighting
  9189 | D:7      | Found a flagged portal.
  9196 | Bailey   | Entered a bailey
  9243 | Bailey   | Reached skill level 8 in Unarmed Combat
  9256 | Bailey   | Reached * piety under Okawaru
  9316 | Bailey   | Reached skill level 5 in Invocations
  9490 | Bailey   | Reached skill level 7 in Spellcasting
  9542 | Bailey   | Identified the +3 glaive of Suhim {vorpal, Int+6}
  9542 | Bailey   | Identified the +5 chain mail "Xuludiny" {rElec}
  9542 | Bailey   | Noticed an orc knight
  9562 | Bailey   | Killed an orc knight
  9562 | Bailey   | Reached ** piety under Okawaru
  9563 | Bailey   | Reached skill level 5 in Short Blades
  9563 | Bailey   | Reached skill level 5 in Long Blades
  9563 | Bailey   | Reached skill level 5 in Axes
  9563 | Bailey   | Reached skill level 5 in Maces & Flails
  9563 | Bailey   | Reached skill level 5 in Polearms
  9563 | Bailey   | Reached skill level 5 in Staves
  9563 | Bailey   | Reached skill level 5 in Slings
  9563 | Bailey   | Reached skill level 5 in Bows
  9563 | Bailey   | Reached skill level 5 in Crossbows
  9563 | Bailey   | Reached skill level 5 in Throwing
  9563 | Bailey   | Reached skill level 5 in Armour
  9563 | Bailey   | Reached skill level 5 in Stealth
  9563 | Bailey   | Reached skill level 5 in Shields
  9563 | Bailey   | Reached skill level 4 in Conjurations
  9563 | Bailey   | Reached skill level 4 in Hexes
  9563 | Bailey   | Reached skill level 4 in Summonings
  9563 | Bailey   | Reached skill level 4 in Necromancy
  9563 | Bailey   | Reached skill level 4 in Translocations
  9563 | Bailey   | Reached skill level 4 in Fire Magic
  9563 | Bailey   | Reached skill level 4 in Ice Magic
  9563 | Bailey   | Reached skill level 4 in Air Magic
  9563 | Bailey   | Reached skill level 4 in Earth Magic
  9563 | Bailey   | Reached skill level 4 in Poison Magic
  9563 | Bailey   | Reached skill level 5 in Evocations
  9563 | Bailey   | Reached XP level 10. HP: 16/76 MP: 13/20
  9634 | Bailey   | Noticed an orc sorcerer
  9651 | Bailey   | Paralysed by an orc sorcerer for 3 turns
  9661 | Bailey   | Killed an orc sorcerer
  9662 | Bailey   | Identified the +4 falchion "Bete" {flame, rElec Int+3
                  | Dex+3}
  9663 | Bailey   | Found an iron altar of Okawaru.
  9668 | Bailey   | Noticed an orc high priest
  9670 | Bailey   | Noticed a soul eater
  9677 | Bailey   | Killed from afar by a soul eater

Vanquished Creatures
  An orc knight (Bailey)
  An orc sorcerer (Bailey)
  Sigmund (D:4)
  A steam dragon (D:6)
  Edmund (D:4)
  8 orc warriors
  An ice beast (D:6)
  A sky beast (D:7)
  A black bear (D:5)
  2 ogres
  A necrophage (D:6)
  3 scorpions
  4 phantoms
  A water moccasin zombie (D:6)
  2 electric eels (Bailey)
  4 howler monkeys
  A centaur zombie (D:6)
  A hound (D:4)
  An orc priest (D:6)
  2 bullfrog skeletons
  A centaur skeleton (D:5)
  2 iguanas (D:5)
  7 orc wizards
  A scorpion zombie (D:5)
  A howler monkey zombie (D:7)
  Robin (D:2)
  10 gnolls
  A howler monkey skeleton (D:5)
  7 adders
  2 ufetubi
  A worm (D:2)
  4 dart slugs
  13 orcs
  11 ball pythons
  5 bats
  12 endoplasms
  3 giant cockroaches
  23 goblins
  16 hobgoblins
  11 jackals
  5 kobolds
  5 quokkas
  4 frilled lizards
  5 rats
189 creatures vanquished.
